 Seeded DCSS version 0.31-a0-564-g3b7de120b3 (webtiles) character file.

Game seed: 16161720884980326079 (custom seed)

9 innerfire43 the Ruffian (level 2, -6/16 HPs)
             Began as a Tengu Shapeshifter on Aug 17, 2023.
             Mangled by Terence
             ... wielding a +0 morningstar
              (13 damage)
             ... on level 2 of the Dungeon.
             The game lasted 00:00:33 (339 turns).

innerfire43 the Ruffian (Tengu Shapeshifter)         Turns: 339, Time: 00:00:34

Health: -6/16      AC:  2    Str: 15    XL:     2   Next: 16%
Magic:  3/3        EV: 12    Int:  8    God:
Gold:   35         SH:  0    Dex: 14    Spells: 1/1 levels left

rFire   . .          .
                       - Unarmed
rCold   . . .        (no shield)
rNeg    . . .        a - +0 animal skin
rPois   .            (helmet currently unavailable)
rElec   .            (cloak currently unavailable)
rCorr   .            (gloves currently unavailable)
SInv    .            (boots unavailable)
Will    .....        (no amulet)
Stlth   +            (no ring)
HPRegen 0.22/turn    (no ring)
MPRegen 0.08/turn

%: no passive effects
@: beast-form
A: beast (slay +2), beak, talons 3
a: Begin Untransformation


You were on level 2 of the Dungeon.
You were a hulking beast.
You visited 1 branch of the dungeon, and saw 2 of its levels.

You collected 35 gold pieces.

Inventory:

Armour
 a - a +0 animal skin (worn)
 g - a +0 helmet
Talismans
 c - a beast talisman (active)
 d - a flux talisman
Scrolls
 e - a scroll of brand weapon {unknown}
 h - 2 scrolls of silence {unknown}
Potions
 b - a potion of lignification
 f - a potion of heal wounds {unknown}
 i - a potion of haste {unknown}


   Skills:
 - Level 1.0 Fighting
 + Level 1.0 Armour
 - Level 2.1 Dodging
 - Level 3.2 Unarmed Combat
 * Level 3.0 Shapeshifting


You had one spell level left.
You didn't know any spells.
Your spell library was empty.

Dungeon Overview and Level Annotations

Branches:
Dungeon (1/15)

Altars:

Annotations:
D:2 Terence


Innate Abilities, Weirdness & Mutations

You are a hulking beast.
Your limbs bulge with bestial killing power. (Slay +2)
You have a beak for a mouth.
You have claws for feet.


Message History

A kobold is nearby!
The kobold hits you with a +0 dagger.
You closely miss the kobold. You claw the kobold.
You kill the kobold!
Your Armour skill increases to level 1!
No target in view!
Terence the Incautious comes into view.
He is wielding a +0 morningstar.
Terence closely misses you.
Things that are here:
a +0 dagger; 4 stones; a kobold corpse You hit Terence.
You claw Terence. Your peck misses Terence.
Terence is moderately wounded.
Terence closely misses you.
Terence is nearby!
You hit Terence. You claw Terence, but do no damage.
Terence is heavily wounded.
Terence closely misses you.
You closely miss Terence. You claw Terence, but do no damage.
Your peck misses Terence.
Terence is heavily wounded.
Terence closely misses you.
You hit Terence.
Terence is heavily wounded.
Terence says, "Did you write a will?
You should..."
Terence misses you.
You barely miss Terence. You claw Terence.
Terence is severely wounded.
Terence hits you with a +0 morningstar.
You hit Terence but do no damage. Your kick misses Terence.
Terence is severely wounded.
Terence hits you with a +0 morningstar!
You are too injured to fight recklessly!
You are too injured to fight recklessly!
Unknown command.
You closely miss Terence.
Terence is severely wounded.
Terence shouts, "Get ready for death!"
Terence hits you with a +0 morningstar!
Ouch! That really hurt!
You die...

#...#
#.#.#####.#
#.#.......#
#.#########
#.# #.# #.#
##
#.#######..+
#.##...h...#
#.##.###@..#
#.##.# ...+
#....# ...#
###### ...#
.### .# .#


You could see Terence.

Vanquished Creatures
  A dart slug (D:1)
  An endoplasm (D:1)
  A hobgoblin (D:1)
  3 kobolds
  A frilled lizard (D:1)
7 creatures vanquished.

Notes
Turn   | Place    | Note
-------+----------+-------------------------------------------
     0 | D:1      | innerfire43 the Tengu Shapeshifter began the quest for the
                  | Orb.
     0 | D:1      | Reached XP level 1. HP: 12/12 MP: 2/2
    83 | D:1      | Found a faded altar of an unknown god.
   214 | D:1      | Reached XP level 2. HP: 14/16 MP: 3/3
   303 | D:1      | You fall into a shaft and drop 1 floor!
   327 | D:2      | Reached skill level 1 in Armour
   331 | D:2      | Noticed Terence
   339 | D:2      | Mangled by Terence

Illustrated notes

Levels and vault maps discovered:
D:1:      nzn_arrival_settlement, layout_rooms,
          shapermc_ecumenical_altar_starsandcircs
D:2:      layout_basic, feat_on_display, uniq_jessica, uniq_robin,
          uniq_crazy_yiuf_cottage, uniq_terence

Skill      XL: |  1  2 |
---------------+-------+-----
Shapeshifting  | 3 |  3.0
Armour         | 1 |  1.0
Fighting       | |  1.0
Dodging        | |  2.1
Unarmed Combat | |  3.2

Action                     || total
---------------------------++-------
  Melee: Unarmed           ||    16
         Kick              ||     9
         Peck              ||     1
   Stab: Sleeping          ||     1
 Armour: Animal skin       ||     1
  Dodge: Dodged            ||    13

Table legend: (Time is in decaauts)
 A = Elapsed time spent in this place.
 B = Non-inter-level travel time spent in this place.
 C = Inter-level travel time spent in this place.
 D = Time resting spent in this place.
 E = Time spent auto-exploring this place.
 F = Levels seen in this place.
 G = Mean time per level.
                   A        B        C        D        E       F      G
               +--------+--------+--------+--------+--------+-----+--------+
         Total |    337 |    337 |      0 |      0 |    276 |   2 |  168.5 |
       Dungeon |    337 |    337 |      0 |      0 |    276 |   2 |  168.5 |
               +--------+--------+--------+--------+--------+-----+--------+

Top non-repeatable levels by time:
     D:1: 302 daAuts
     D:2: 35 daAuts
